 Dungeon Crawl Stone Soup version 0.26-b1-32-g5d43845318 (webtiles) character file.

Game seed: 13176276451077693350

87954 Borgoz the Bludgeoner (level 15, -9/100 HPs)
             Began as a Gargoyle Gladiator on Jan 12, 2021.
             Killed from afar by a will-o-the-wisp (25 damage)
             ... with a foxfire
             ... on level 1 of the Swamp.
             The game lasted 00:47:12 (23665 turns).

Borgoz the Bludgeoner (Gargoyle Gladiator)         Turns: 23665, Time: 00:47:12

Health: -9/100     AC: 39    Str: 19      XL:     15   Next: 92%
Magic:  18/18      EV: 10    Int: 12 (13) God:
Gold:   744        SH:  9    Dex: 26      Spells: 13/18 levels left

rFire    . . .     SeeInvis +   a - +4 morningstar
rCold    . . .     Faith    .   I - +2 buckler {reflect}
rNeg     + + .     Spirit   .   E - +1 crystal plate armour
rPois    ∞         Reflect  +   c - +0 helmet
rElec    +         Harm     .   B - +0 cloak
rCorr    .         Rampage  .   u - +2 pair of gloves
Will     +....     Rnd*Tele +   K - +0 pair of boots {run}
Stlth    ..........             L - amulet of Rationality {rPois rN+ Regen+ Int+4 SInv}
HPRegen  0.66/turn              q - +6 ring of dexterity
MPRegen  0.16/turn              G - +6 ring of dexterity

@: corroded, flying, quick
A: big wings, negative energy resistance 1, electricity resistance, teleportitis
1, weak 1, unbreathing, petrification resistance, miasma immunity, AC +11
a: Stop Flying


You were on level 1 of the Swamp.
You visited 6 branches of the dungeon, and saw 24 of its levels.
You also visited: Ossuary, Bailey and Ice Cave.

You collected 2478 gold pieces.
You spent 1734 gold pieces at shops.

Inventory:

Hand Weapons
 a - a +4 morningstar (weapon)
Armour
 c - a +0 helmet (worn)
 u - a +2 pair of gloves (worn)
 B - a +0 cloak (worn)
 E - a +1 crystal plate armour (worn)
 I - a +2 buckler of reflection (worn)
 K - a +0 pair of boots of running (worn)
Jewellery
 e - an uncursed amulet of magic regeneration {unknown}
 i - an uncursed ring of protection from cold
 p - an uncursed ring of protection from fire
 q - a +6 ring of dexterity (left hand)
 G - a +6 ring of dexterity (right hand)
 L - the amulet of Rationality (around neck) {rPois rN+ Regen+ Int+4 SInv}
   (You bought it in a shop on level 8 of the Dungeon)

   [amulet of regeneration]

   It affects your intelligence (+4).
   It protects you from poison.
   It protects you from negative energy.
   It lets you see invisible.
   It increases your rate of regeneration.
Wands
 k - a wand of paralysis (14)
 n - a wand of digging (11)
 t - a wand of flame (9)
 w - a wand of acid (33)
 z - a wand of disintegration (22)
 A - a wand of iceblast (13)
Scrolls
 g - 9 scrolls of remove curse
 h - 11 scrolls of teleportation
 j - a scroll of silence
 y - 2 scrolls of fog
 C - a scroll of blinking
Potions
 b - 3 potions of heal wounds
 d - a potion of might
 f - 8 potions of curing
 l - 3 potions of invisibility
 r - a potion of cancellation
 s - a potion of haste
 v - a potion of resistance


   Skills:
 + Level 13.9 Fighting
 * Level 15.0 Maces & Flails
 - Level 1.7 Throwing
 + Level 13.7 Armour
 + Level 11.2 Dodging
 - Level 5.0 Shields
 + Level 2.4 Spellcasting
 + Level 2.3 Hexes
 + Level 2.3 Translocations
 + Level 2.3 Evocations


You had 13 spell levels left.
You knew the following spells:

 Your Spells              Type           Power        Failure   Level
a - Blink                 Tloc           N/A          100%        2
b - Confusing Touch       Hex            7%           100%        3

Your spell library contained the following spells:

 Spells                   Type           Power        Failure   Level
 Beastly Appendage        Tmut           2%           100%        1
 Magic Dart               Conj           4%           100%        1
 Sting                    Tmut/Pois      4%           100%        1
 Call Imp                 Summ           1%           100%        2
 Poisonous Vapours        Pois/Air       2%           100%        2
 Searing Ray              Conj           2%           100%        2
 Slow                     Hex            7%           100%        2
 Wereblood                Tmut           1%           100%        2
 Conjure Flame            Conj/Fire      1%           100%        3
 Dazzling Flash           Conj/Hex       8%           100%        3
 Ignite Poison            Fire/Tmut/Pois 1%           100%        3
 Inner Flame              Hex/Fire       4%           100%        3
 Mephitic Cloud           Conj/Pois/Air  1%           100%        3
 Spider Form              Tmut/Pois      0%           100%        3
 Cause Fear               Hex            3%           100%        4
 Fulminant Prism          Conj/Hex       2%           100%        4
 Ice Form                 Ice/Tmut       1%           100%        4
 Iskenderun's Mystic Bla  Conj/Tloc      4%           100%        4
 Leda's Liquefaction      Hex/Erth       2%           100%        4
 Olgreb's Toxic Radiance  Pois           1%           100%        4
 Blade Hands              Tmut           0%           100%        5
 Silence                  Hex/Air        2%           100%        5
 Yara's Violent Unravell  Hex/Tmut       2%           100%        5
 Invisibility             Hex            7%           100%        6
 Discord                  Hex            3%           100%        8


Dungeon Overview and Level Annotations

Branches:
Dungeon (13/15)            Temple (1/1) D:6            Lair (6/6) D:10
  Swamp (1/4) Lair:4       Spider (0/4) Lair:4        Slime (1/5) Lair:5
    Orc (2/2) D:10            Elf (0/3) Orc:2       Ossuary (visited)
 Bailey (visited)           IceCv (visited)
 Vaults: D:13-14

Altars:
Ashenzari
Cheibriados
Dithmenos
Elyvilon
Fedhas
Gozag
Hepliaklqana
Kikubaaqudgha
Makhleb
Nemelex Xobeh
Okawaru
Qazlal
Ru
Sif Muna
Trog
Uskayaw
Vehumet
Wu Jian
Xom
Yredelemnul
Zin
The Shining One

Shops:
D:7 *   D:8 =   Orc:2 ([*=

Annotations:
Swamp:1 Jorgrun


Innate Abilities, Weirdness & Mutations

You are resistant to torment.
Your stone body is resilient. (AC +11)
You are immune to poison.
Your large and strong wings let you fly indefinitely.
You resist negative energy. (rN+)
You are resistant to electric shocks. (rElec)
You can survive without breathing.
You are immune to petrification.
You are immune to miasma.
You are occasionally teleported next to monsters.
You are weak. (Str -2)


Message History

The vampire mosquito bites you but does no damage.
The vampire mosquito misses you.
The will-o-the-wisp gestures.
The will-o-the-wisp conjures some foxfire!
The goliath frog hits you but does no damage.
The vampire mosquito bites you but does no damage. 2 foxfires come into view.
You completely miss the goliath frog.
The goliath frog is severely wounded.
The vampire mosquito bites you but does no damage.
The goliath frog hits you but does no damage.
The vampire mosquito closely misses you.
You block the vampire mosquito's attack.
The will-o-the-wisp gestures.
The will-o-the-wisp conjures some foxfire! 2 foxfires come into view.
You hit the goliath frog.
The goliath frog is almost dead.
The foxfire hits you!!
You die...

..≈....?§≈≈§...
♣.......≈§≈≈≈.≈≈
.........§§≈≈..♣
..........≈≈≈..♣♣ ♣♣♣
§.≈≈§§....≈≈≈≈≈≈≈♣ ♣♣≈.
≈.≈≈vFv..≈≈≈≈≈≈≈..♣♣♣.≈≈
...≈vvyv..≈≈≈.≈≈.≈.♣≈<≈≈
...≈FvF@y≈§..>..≈≈.≈♣≈.§
...≈≈g♣.≈≈≈≈≈.≈≈≈≈..♣≈.≈
..≈≈≈ ♣♣.≈≈≈≈.≈≈≈..≈♣.≈≈
.≈≈≈ ♣♣.≈≈≈.≈≈..≈.....
♣≈≈ ♣♣≈≈..≈≈♣♣..≈≈≈≈ ♣♣
♣§§≈≈≈♣♣♣♣♣.≈≈≈≈
♣.≈≈≈....≈..≈≈≈≈
♣♣.≈.≈......≈...
♣≈.......≈♣♣♣♣♣


You could see Jorgrun, 3 goliath frogs, a will-o-the-wisp and 2 vampire
mosquitoes.

Vanquished Creatures
  A thorn hunter (Swamp:1)
  Frances (D:12)
  3 orc warlords
  A reaper (IceCv)
  The ghost of Lutiheq the Grappler, a journeyman DrTm of Wu Jian (Lair:4)
  6 dire elephants (Lair:6)
  An ettin (Orc:1)
  6 hydras
  A catoblepas (Lair:6)
  A boulder beetle (Lair:4)
  An anaconda (Lair:6)
  An alligator (Swamp:1)
  19 death yaks
  2 tengu warriors (D:12)
  5 orc high priests
  Sonja (D:12)
  2 goliath frogs (Swamp:1)
  A deep elf mage (D:12)
  4 orc knights
  3 orc sorcerers (Orc:2)
  2 ugly things (D:13)
  A cyclops (D:12)
  15 elephants (Lair:6)
  A black mamba (Lair:1)
  2 gargoyles (D:12)
  3 torpor snails
  10 cane toads
  2 ice statues (IceCv)
  Maggie (D:7)
  A rime drake (Lair:4)
  4 komodo dragons
  8 ice devils (IceCv)
  3 trolls
  2 polar bears
  13 blink frogs
  4 dream sheep (Lair:3)
  A slime creature (D:13)
  A hornet (D:13)
  A wraith (D:8)
  63 yaks
  5 basilisks
  4 wyverns
  A steam dragon (D:11)
  A vampire mosquito (Swamp:1)
  5 wargs
  An acid dragon (D:12)
  15 water moccasins
  2 soldier ants
  Duvessa (D:6)
  42 orc warriors
  4 sky beasts
  6 phantoms
  4 black bears
  An ice beast (D:7)
  9 ogres
  An eye of draining (D:12)
  20 centaurs
  A big kobold (D:7)
  13 bullfrogs
  2 gnoll sergeants
  A water moccasin zombie (Ossuary)
  Dowan (D:6)
  2 troll zombies (D:10)
  3 scorpions
  9 killer bees
  15 wights
  7 howler monkeys
  6 jellies
  2 bullfrog zombies
  2 quasits
  3 centaur skeletons
  8 hounds
  26 orc priests
  Crazy Yiuf (D:7)
  4 bullfrog skeletons
  4 iguanas
  41 orc wizards
  4 hell rats (Lair:6)
  13 worker ants
  A killer bee zombie (D:8)
  4 ogre zombies (D:10)
  6 big kobold zombies (Ossuary)
  2 hound zombies
  2 mummies (Ossuary)
  2 worker ant zombies
  5 gnolls (D:10)
  10 adders
  A shadow imp (D:6)
  11 white imps
  7 ufetubi (IceCv)
  6 adder zombies
  4 adder skeletons
  4 worms
  5 dart slugs
  6 leopard geckos
  111 orcs
  11 bats
  4 giant cockroaches
  10 goblins
  4 hobgoblins
  5 jackals (D:7)
  10 kobolds
  7 quokkas
  A ball python (D:5)
  A ball python skeleton (D:4)
  4 frilled lizards
  A gnoll zombie (Ossuary)
  2 goblin zombies (D:10)
  A hobgoblin skeleton (D:10)
  6 hobgoblin zombies
  3 kobold zombies (Ossuary)
  2 orc skeletons (D:10)
  23 orc zombies
  11 rats
  2 rat zombies (D:5)
784 creatures vanquished.

Vanquished Creatures (collateral kills)
  A bullfrog (D:7)
  3 jackals (D:7)
4 creatures vanquished.

Vanquished Creatures (others)
  A yak (Lair:6)
  A bullfrog (D:12)
  An orc wizard (D:7)
  2 white imps (IceCv)
  2 ufetubi (IceCv)
  A foxfire (Swamp:1)
  36 fungi
  61 plants
105 creatures vanquished.

Grand Total: 893 creatures vanquished

Notes
Turn   | Place    | Note
-------+----------+-------------------------------------------
     0 | D:1      | Borgoz the Gargoyle Gladiator began the quest for the Orb.
     0 | D:1      | Reached XP level 1. HP: 12/12 MP: 1/1
   132 | D:1      | Reached XP level 2. HP: 18/18 MP: 2/2
   189 | D:1      | Reached skill level 1 in Armour
   268 | D:1      | Reached XP level 3. HP: 10/22 MP: 3/3
  1178 | D:2      | Reached XP level 4. HP: 24/27 MP: 4/4
  1403 | D:2      | Reached XP level 5. HP: 17/32 MP: 5/5
  1627 | D:3      | Found a sacrificial altar of Ru.
  2310 | D:4      | Reached skill level 4 in Maces & Flails
  2390 | D:4      | Reached XP level 6. HP: 33/38 MP: 6/6
  2820 | D:5      | Entered Level 5 of the Dungeon
  3120 | D:5      | Noticed a sky beast
  3147 | D:5      | Killed a sky beast
  3148 | D:5      | Reached XP level 7. HP: 27/44 MP: 7/7
  3222 | D:5      | Found a sand-covered staircase.
  3265 | Ossuary  | Entered an ossuary
  3419 | Ossuary  | Reached skill level 5 in Maces & Flails
  3516 | Ossuary  | Reached skill level 5 in Fighting
  4116 | D:6      | Reached XP level 8. HP: 41/49 MP: 8/8
  4613 | D:6      | Found a staircase to the Ecumenical Temple.
  4646 | Temple   | Entered the Ecumenical Temple
  4867 | D:6      | Noticed Dowan
  4867 | D:6      | Noticed Duvessa
  4883 | D:6      | Killed Duvessa
  4884 | D:6      | Reached skill level 5 in Armour
  4891 | D:6      | Killed Dowan
  4892 | D:6      | Found a glowing golden altar of the Shining One.
  5832 | D:7      | Reached skill level 6 in Maces & Flails
  5854 | D:7      | Reached skill level 5 in Dodging
  5960 | D:7      | Reached XP level 9. HP: 56/56 MP: 9/9
  6030 | D:7      | Found Hotzesk's Assorted Antiques.
  6052 | D:7      | Bought a fuming inky potion for 22 gold pieces
  6052 | D:7      | Bought a scroll labelled SEMNIM NILURU for 25 gold pieces
  6052 | D:7      | Bought 2 scrolls labelled KONGITIREC for 50 gold pieces
  6052 | D:7      | Bought a scroll labelled NUIVEH HOYD for 25 gold pieces
  6052 | D:7      | Bought a scroll labelled HEEREO ASARIE for 25 gold pieces
  6052 | D:7      | Bought a scroll labelled KEPAPR KOETZ for 25 gold pieces
  6455 | D:7      | Noticed Maggie
  6469 | D:7      | Killed Maggie
  6470 | D:7      | Reached skill level 7 in Maces & Flails
  6620 | D:7      | Found a runed translucent door.
  6621 | D:7      | Noticed Crazy Yiuf
  6910 | D:7      | Killed Crazy Yiuf
  7269 | D:8      | Found Xyosm's Jewellery Emporium.
  7406 | D:8      | Noticed a +0 hand axe
  7431 | D:8      | Noticed a +0 dagger
  7478 | D:8      | Found a hide-covered altar of Uskayaw.
  7529 | D:8      | Found a stormy altar of Qazlal.
  7537 | D:8      | Reached XP level 10. HP: 50/64 MP: 10/10
  8230 | D:9      | Reached skill level 8 in Maces & Flails
  8314 | D:9      | Found a sparkling altar of Nemelex Xobeh.
  9333 | D:10     | Entered Level 10 of the Dungeon
  9564 | D:10     | Reached XP level 11. HP: 71/71 MP: 11/11
  9692 | D:10     | Found a staircase to the Orcish Mines.
  9724 | D:10     | Reached skill level 9 in Maces & Flails
 10024 | D:10     | Found a staircase to the Lair.
 10460 | D:11     | Found a shimmering altar of Xom.
 10803 | D:11     | Reached skill level 10 in Fighting
 10821 | D:11     | Found a flagged portal.
 10859 | Bailey   | Entered a bailey
 11530 | D:8      | Bought the amulet of Rationality {rPois rN+ Regen+ Int+4
                  | SInv} for 638 gold pieces
 11656 | D:12     | Reached skill level 10 in Armour
 11681 | D:12     | Noticed a tengu warrior
 11685 | D:12     | Noticed a tengu warrior
 11700 | D:12     | Killed a tengu warrior
 11719 | D:12     | Killed a tengu warrior
 11767 | D:12     | Noticed Frances
 11775 | D:12     | Noticed a soul eater
 11781 | D:12     | Killed Frances
 11782 | D:12     | Reached skill level 10 in Maces & Flails
 11782 | D:12     | Reached XP level 12. HP: 70/79 MP: 12/12
 11830 | D:12     | Found a frozen archway.
 11853 | IceCv    | Entered an ice cave
 12074 | IceCv    | Identified a +0 pair of boots of running (You found it in
                  | an ice cave)
 12193 | IceCv    | Noticed a reaper
 12303 | IceCv    | Killed a reaper
 13100 | D:12     | Noticed Sonja
 13105 | D:12     | Killed Sonja
 13106 | D:12     | Reached skill level 1 in Shields
 13301 | D:13     | Reached skill level 11 in Maces & Flails
 13628 | Lair:1   | Entered Level 1 of the Lair of Beasts
 13702 | Lair:1   | Noticed a death yak
 13702 | Lair:1   | Noticed a death yak
 13703 | Lair:1   | Noticed a death yak
 13704 | Lair:1   | Noticed a death yak
 13730 | Lair:1   | Killed a death yak
 13731 | Lair:1   | Reached XP level 13. HP: 84/84 MP: 13/13
 14092 | Lair:1   | Found a radiant altar of Vehumet.
 14275 | Lair:1   | Learned a level 2 spell: Blink
 15588 | Lair:3   | Reached skill level 12 in Maces & Flails
 15833 | Lair:3   | Got a fine war axe
 15834 | Lair:3   | Identified the cursed +3 war axe of Midwinter {flame,
                  | rElec} (You found it on level 3 of the Lair of Beasts)
 16221 | Lair:4   | Reached skill level 5 in Shields
 16255 | Lair:4   | Found a hole to the Spider Nest.
 16425 | Lair:4   | Found a staircase to the Swamp.
 16580 | Lair:4   | Reached skill level 10 in Dodging
 16786 | Lair:4   | Found a runed translucent gate.
 16786 | Lair:4   | Found a runed translucent gate.
 16786 | Lair:4   | Found a runed translucent gate.
 16791 | Lair:4   | Noticed Lutiheq's ghost (journeyman DrTm)
 16847 | Lair:4   | Killed Lutiheq's ghost
 16848 | Lair:4   | Gained mutation: Your large and strong wings let you fly
                  | indefinitely. [Gargoyle growth]
 16848 | Lair:4   | Reached XP level 14. HP: 89/92 MP: 14/14
 17347 | Lair:5   | Reached skill level 13 in Maces & Flails
 17622 | Lair:5   | Found a staircase to the Slime Pits.
 18345 | Lair:6   | Entered Level 6 of the Lair of Beasts
 18892 | Lair:6   | Noticed a dire elephant
 18892 | Lair:6   | Noticed a dire elephant
 18907 | Lair:6   | Noticed a dire elephant
 18912 | Lair:6   | Killed a dire elephant
 18926 | Lair:6   | Killed a dire elephant
 18944 | Lair:6   | Killed a dire elephant
 18956 | Lair:6   | Identified Batt's Disquisition on Bewitchment
 19062 | Lair:6   | Noticed a dire elephant
 19073 | Lair:6   | Killed a dire elephant
 19112 | Lair:6   | Noticed a dire elephant
 19140 | Lair:6   | Killed a dire elephant
 19358 | Lair:5   | Reached skill level 14 in Maces & Flails
 19629 | Lair:6   | Reached XP level 15. HP: 36/99 MP: 15/15
 20515 | Lair:4   | Got a faintly humming scale mail
 20526 | Lair:4   | Identified the cursed +0 scale mail "Dafuty" {rElec rPois
                  | rF- Int-2} (You found it on level 4 of the Lair of Beasts)
 20867 | Orc:1    | Entered Level 1 of the Orcish Mines
 20872 | Orc:1    | Learned a level 3 spell: Confusing Touch
 21236 | Slime:1  | Entered Level 1 of the Pits of Slime
 21455 | Orc:1    | Noticed an orc warlord
 21489 | Orc:1    | HP: 5/100 [orc warrior/+0 trident[an orc warlord] (15)]
 21490 | Orc:1    | HP: 1/100 [orc/+0 club[an orc warlord] (4)]
 21501 | Orc:1    | Killed an orc warlord
 21614 | Orc:2    | Entered Level 2 of the Orcish Mines
 21833 | Orc:2    | Reached skill level 1 in Hexes
 21889 | Orc:2    | Reached skill level 1 in Evocations
 21900 | Orc:2    | Reached skill level 1 in Translocations
 21911 | Orc:2    | Reached skill level 1 in Spellcasting
 21955 | Orc:2    | Found a staircase to the Elven Halls.
 22199 | Orc:2    | Noticed an orc warlord
 22476 | Orc:1    | Killed an orc warlord
 22650 | Orc:2    | Gained mutation: You are weak. (Str -2) [a neqoxec]
 22651 | Orc:2    | Gained mutation: You are occasionally teleported next to
                  | monsters. [a neqoxec]
 22895 | Orc:2    | Found Yvirph's Antique Armour Emporium.
 22896 | Orc:2    | Found Qoad's Antique Weapon Emporium.
 22897 | Orc:2    | Found Debbis's General Store.
 22897 | Orc:2    | Found Pauk's Jewellery Shoppe.
 23028 | Orc:2    | Noticed an orc warlord
 23062 | Orc:2    | Killed an orc warlord
 23063 | Orc:2    | Reached skill level 15 in Maces & Flails
 23308 | Orc:2    | Bought a distressingly furry ring mail for 252 gold pieces
 23308 | Orc:2    | Bought a pair of embroidered gloves for 210 gold pieces
 23308 | Orc:2    | Bought a pair of runed gloves for 210 gold pieces
 23308 | Orc:2    | Bought a translucent ring mail for 252 gold pieces
 23308 | Orc:2    | Identified the +0 ring mail of Wiarroim {+Blink} (You
                  | bought it in a shop on level 2 of the Orcish Mines)
 23319 | Orc:2    | Identified the +1 ring mail of Osykepydd {Int+4} (You
                  | bought it in a shop on level 2 of the Orcish Mines)
 23540 | Swamp:1  | Entered Level 1 of the Swamp
 23635 | Swamp:1  | Noticed a thorn hunter
 23652 | Swamp:1  | Killed a thorn hunter
 23658 | Swamp:1  | Noticed Jorgrun
 23665 | Swamp:1  | Killed from afar by a will-o-the-wisp

Illustrated notes

Levels and vault maps discovered:
D:1:      dpeg_arrival_fog, layout_rooms
D:2:      layout_rooms, chequers_arboretum
D:3:      layout_basic, nicolae_ru_the_path_less_chosen
D:4:      layout_loops_ring
D:5:      layout_basic, enter_ossuary_4
D:6:      layout_basic, minmay_temple_entry_water_ring, basic_altar,
          uniq_duvessa
D:7:      layout_basic, serial_shops, shop_statue, grunt_decor_cap,
          uniq_crazy_yiuf_cottage, uniq_maggie
D:8:      layout_basic, dancing_weapons_uskayaw, serial_shops, shop, basic_altar
D:9:      minmay_polygon_palace, layout_long_grid, chequers_mini_garden,
          nemelex_spade_bored_becter
D:10:     layout_cave_pools, david_lair_shrubbed, zombieorc1_lemuel, serial_park
D:11:     layout_basic, enter_bailey_5, basic_altar
D:12:     layout_loops_ring, portal_ice_cave_entry_pillars_1, uniq_sonja,
          uniq_frances
D:13:     layout_cave_pods, erik_vaults_2, serial_column_ruins,
          column_ruins_hut_water, column_ruins_hut, column_ruins_open_large,
          column_ruins_open_tiny, column_ruins_grid_1,
          column_ruins_columns_straight, column_ruins_corridor_straight,
          column_ruins_open_small
Temple:   minmay_crystal_snake_temple
Lair:1:   layout_concentric_octagons, basic_altar
Lair:2:   layout_chaotic_city
Lair:3:   layout_loops_ring, lemuel_fruit_tree, infiniplex_staircase_pool_2,
          lemuel_fruit_fields
Lair:4:   layout_cave_shapes, swamp_mist_pool, spider_nest_entry_web_field,
          ebering_ghost_rock_garden, minivault_23, lookout_lair_type
Lair:5:   layout_layer_cave, slime_dummy
Lair:6:   due_jungle_book, layout_concentric_octagons
Swamp:1:  layout_basic_swamp, hangedman_swamp_lotus, swamp_pool4, uniq_louise,
          uniq_jorgrun
Slime:1:  layout_caves, basic_altar
Orc:1:    layout_diamond_mine
Orc:2:    st_orc_congregation, layout_diamond_mine, minmay_orc_barracks

Skill      XL: |  1  2  3  4  5  6  7  8  9 10 11 12 13 14 15 |
---------------+----------------------------------------------+-----
Armour         | 1 2 3 4 5 7 8 10 11 12 13 | 13.7
Fighting       | 3 4 5 6 7 9 10 11 12 13 | 13.9
Dodging        | 3 4 5 6 7 8 9 10 11 | 11.2
Maces & Flails | 4 5 6 7 8 10 11 12 14 15 | 15.0
Shields        | 2 5 |  5.0
Hexes          | 2 |  2.3
Evocations     | 2 |  2.3
Translocations | 2 |  2.3
Spellcasting   | 2 |  2.4
Throwing       | |  1.7

Action                   |  1- 3 |  4- 6 |  7- 9 | 10-12 | 13-15 || total
-------------------------+-------+-------+-------+-------+-------++-------
Melee: Flail             |   136 |   149 |   170 |       |       ||   455
       Morningstar       |       |       |   341 |  1025 |  1795 ||  3161
       Dire flail        |       |       |    11 |       |       ||    11
Throw: Throwing net      |       |       |       |     3 |       ||     3
 Abil: Fly               |       |       |       |       |     1 ||     1
Evoke: Wand              |       |       |       |     1 |     2 ||     3
  Use: Scroll            |     1 |     1 |    15 |     8 |     8 ||    33
       Potion            |       |       |     1 |     3 |     6 ||    10
 Stab: Invisible         |       |       |     2 |       |       ||     2
       Distracted        |       |       |     1 |       |       ||     1
       Sleeping          |       |       |       |     2 |       ||     2
       Held in net/web   |       |       |       |     2 |       ||     2
       Paralysed         |       |       |       |     1 |       ||     1
       Petrified         |       |       |       |       |    19 ||    19
       Petrifying        |       |       |       |       |     1 ||     1
Armor: Leather armour    |    59 |       |       |       |       ||    59
       Scale mail        |    45 |    93 |   133 |       |       ||   271
       Ring mail         |       |       |   136 |   350 |       ||   486
       Crystal plate arm |       |       |       |   278 |  1392 ||  1670
Dodge: Dodged            |   127 |   103 |   424 |   811 |   813 ||  2278
Block: Buckler           |       |       |       |   255 |   905 ||  1160
       Reflection        |       |       |       |    10 |     8 ||    18
